 Dungeon Crawl Stone Soup version 0.30-a0-949-g53dc5368d7 (webtiles) character file.

Game seed: 648090612908325736

71986 miket3c the Fencer (level 14, -7/181 (199) HPs)
             Began as a Minotaur Fighter on Mar 26, 2023.
             Was a High Priest of Trog.
             Mangled by a redback (12 damage)
             ... on level 1 of the Spider Nest on Mar 27, 2023.
             The game lasted 00:50:45 (30421 turns).

miket3c the Fencer (Minotaur Fighter)              Turns: 30421, Time: 00:50:45

HP:   -7/181 (199)  AC: 10    Str: 23    XL:     14   Next: 99%
MP:   13/13         EV: 18    Int: 11    God:    Trog [*****.]
Gold: 1332          SH:  0    Dex: 14    Spells: 13/13 levels left

rFire   + . .      SeeInvis +    a - +8 great sword of Foul Odours {heavy, +Blink rPois Dex-5 SInv}
rCold   + . .      Faith    .    (shield currently unavailable)
rNeg    . . .      Spirit   .    Y - +0 steam dragon scales
rPois   +          Reflect  .    (helmet restricted)
rElec   .          Rampage  .    Z - scarf {rC+ rF+}
rCorr   +                        w - +0 pair of gloves
Will    +....                    (no boots) Stlth
                                 (no amulet)
HPRegen 0.50/turn                U - ring of resist corrosion
MPRegen 0.13/turn                V - ring of Knowledge {rPois Int+6 Dex+6}

@: berserking, studying Stealth, drained, very quick
A: horns 2, retaliatory headbutt
a: Renounce Religion, Evoke Blink, Berserk, Trog's Hand, Brothers in Arms


You were on level 1 of the Spider Nest.
You worshipped Trog.
Trog was extremely pleased with you.
You visited 5 branches of the dungeon, and saw 22 of its levels.

You collected 2161 gold pieces.
You spent 829 gold pieces at shops.

Inventory:

Hand Weapons
 a - the +8 great sword of Foul Odours (weapon) {heavy, +Blink rPois Dex-5 SInv}
   (Trog gifted it to you on level 1 of the Spider Nest)

   Dex:       It affects your dexterity (-5).
   rPois:     It protects you from poison.
   SInv:      It lets you see invisible.
   +Blink:    It lets you blink.
 b - a +6 heavy arbalest
 c - the +5 great sword of Liphaythri {protect, rF+ SInv}
   (You bought it in a shop on level 11 of the Dungeon)

   rF:        It protects you from fire.
   SInv:      It lets you see invisible.
 v - a +5 great sword
 C - a +0 shortbow
 N - a +0 morningstar
 P - the +1 falchion "Terretwo" {drain, MP+9}
   (You found it on level 2 of the Lair of Beasts)

   MP:        It affects your magic capacity (+9).
 X - a +2 great sword
Missiles
 e - 48 poisoned darts
 y - 7 curare-tipped darts (quivered)
Armour
 p - a +2 plate armour of fire resistance
 w - a +0 pair of gloves (worn)
 R - a +1 cloak
 Y - +0 steam dragon scales (worn)
 Z - a scarf of resistance (worn)
Jewellery
 q - an amulet of faith
 F - a +4 ring of protection
 G - a +4 ring of protection
 H - a ring of magical power
 J - a +6 ring of dexterity
 L - a ring of see invisible
 S - a +6 ring of intelligence
 U - a ring of resist corrosion (left hand)
 V - the ring of Knowledge (right hand) {rPois Int+6 Dex+6}
   (You took it off an orc priest on level 2 of the Orcish Mines)

   [ring of intelligence]

   Int:       It affects your intelligence (+6).
   Dex:       It affects your dexterity (+6).
   rPois:     It protects you from poison.
Wands
 k - a wand of mindburst (16)
 x - a wand of polymorph (15)
 D - a wand of iceblast (23)
 E - a wand of digging (3)
Scrolls
 f - a scroll of blinking
 i - 3 scrolls of poison
 n - 5 scrolls of teleportation
 u - a scroll of vulnerability
 I - 2 scrolls of fog
 K - 2 scrolls of identify
 O - a scroll of fear
 Q - 2 scrolls of magic mapping
Potions
 d - 8 potions of might
 g - 9 potions of curing
 h - a potion of cancellation
 j - 3 potions of haste
 l - 5 potions of brilliance
 m - 2 potions of flight
 o - 4 potions of invisibility
 r - 2 potions of resistance
 s - 4 potions of ambrosia
 t - a potion of berserk rage
 z - 2 potions of heal wounds
 A - a potion of mutation
 B - 5 potions of lignification
 T - a potion of magic
 W - 2 potions of attraction


   Skills:
 + Level 14.7 Fighting
 * Level 19.8 Long Blades
 + Level 3.6 Ranged Weapons
 + Level 14.7 Armour
 + Level 13.1 Dodging
 - Level 3.6 Shields


You had 13 spell levels left.
You didn't know any spells.
Your spell library contained the following spells:

 Spells                   Type           Power      Damage    Failure   Level
 Blink                    Tloc           0%         N/A       47%         2
 Manifold Assault         Tloc           0%         N/A       98%         4
 Storm Form               Tmut/Air       0%         N/A       100%        7


Dungeon Overview and Level Annotations

Branches:
Dungeon (12/15)            Temple (1/1) D:4            Lair (5/5) D:9
 Shoals (0/4) Lair:2       Spider (2/4) Lair:3        Slime (0/5) Lair:5
    Orc (2/2) D:10            Elf (0/3) Orc:2

Altars:
Ashenzari
Cheibriados
Dithmenos
Elyvilon
Fedhas
Gozag
Hepliaklqana
Kikubaaqudgha
Makhleb
Nemelex Xobeh
Okawaru
Qazlal
Ru
Sif Muna
Trog
Uskayaw
Vehumet
Wu Jian
Xom
Yredelemnul
Zin
The Shining One
Jiyva
Lugonu

Shops:
D:1 :([(   D:6 (   D:7 (   D:11 (   Orc:2 *(::

Portals:
Abyss: D:7

Annotations:
D:4 1 runed translucent door, Akorn's ghost, amateur DjDe
D:7 2 runed translucent doors
D:8 2 transporters, exclusion: oklob plant, bearlyready's ghost, novice AtBe
D:9 3 runed translucent doors, patfeehan111222's ghost, novice MiBe
D:12 Kirke
Lair:1 2 transporters
Spider:1 2 transporters, Shard1697's ghost, journeyman DsFi


Innate Abilities, Weirdness & Mutations

You have a pair of horns on your head.
You reflexively headbutt those who attack you in melee.


Message History

The pharaoh ant bites you!! The tarantella completely misses you.
The redback completely misses you.
The jumping spider leaps!
The redback completely misses you. The meliai barely misses you.
You furiously retaliate!
You headbutt the meliai!
The meliai stings you but does no damage.
You climb upwards.
Level annotation: 2 transporters, Shard1697's ghost, journeyman DsFi
There is a stone staircase leading down here.
A red film seems to cover your vision as you go berserk!
You feel yourself moving faster!
You feel mighty! The pharaoh ant bites you!
The tarantella touches you but does no damage.
The redback bites you. The meliai hits you with a +0 war axe.
The meliai stings you but does no damage.
The redback completely misses you. The pharaoh ant barely misses you.
The tarantella touches you!
* * * LOW HITPOINT WARNING * * *
You are confused.
The redback bites you.
* * * LOW HITPOINT WARNING * * *
The meliai completely misses you.
The meliai stings you but does no damage.
You slice the meliai like a ripe choko!!!
You kill the meliai!
Trog accepts your kill. The redback bites you!
* * * LOW HITPOINT WARNING * * *
The pharaoh ant bites you!!
* * * LOW HITPOINT WARNING * * *
You feel drained.
* * * LOW HITPOINT WARNING * * *
The tarantella touches you but does no damage.
You slice the pharaoh ant like a ripe choko!!!
You feel the power of Trog in you as your rage grows.
You destroy the pharaoh ant!
Trog accepts your kill.
The pharaoh ant binds the souls of nearby monsters.
You feel less confused. The redback barely misses you. You furiously retaliate!
You headbutt the redback! The redback bites you!
You die...

.s©#.........#..........###......
#..#...........#........^########
...#...........##.......## #.#
..##..........#####....## #.###
.##...........# ###.### ##....
##............## ##....####.....
.............#.####.####^........
...........###.##s### ###.#.....
#........^###..)@## #.#.....
##......#..#....ss# #.#[^...
##.######........# #.###.## ###
##.......# #.# #### #......## ###
##.....# #######


You could see a tarantella (soul bound) and 2 redbacks.

Vanquished Creatures
  Frances (Spider:1)
  An emperor scorpion (Spider:1)
  The ghost of elongatedgoose the Tortoise, a journeyman MiFi of Hepliaklqana (Orc:2)
  Snorg (D:11)
  2 entropy weavers (Spider:2)
  A hydra (Lair:2)
  A catoblepas (Lair:5)
  4 death yaks
  4 boulder beetles
  5 two-headed ogres
  2 radroaches (Spider:1)
  5 orc high priests (Orc:2)
  2 pharaoh ants
  A skyshark (Lair:5)
  A deep troll (D:10)
  An orb spider (Lair:3)
  14 orc knights
  2 orc sorcerers (Orc:2)
  4 wolf spiders (Spider:1)
  A manticore (D:11)
  A cyclops (Orc:2)
  7 elephants
  Maurice (Orc:1)
  A merfolk siren (Lair:2)
  2 moths of wrath
  A black mamba (Lair:5)
  Joseph (D:8)
  5 cane toads
  A demonic crawler (Spider:1)
  2 unseen horrors (D:10)
  3 rime drakes
  6 komodo dragons
  A troll (Orc:1)
  A meliai (Spider:1)
  3 hornets (Lair:5)
  9 polar bears
  5 tarantellas
  15 blink frogs
  8 dream sheep
  12 jumping spiders
  9 culicivoras
  A shadow (D:11)
  6 wyverns
  12 spriggans (Lair:5)
  A wraith (D:7)
  Eustachio (D:5)
  4 basilisks
  38 yaks
  3 vampire mosquitoes
  3 steam dragons
  19 redbacks
  An acid dragon (D:8)
  9 water moccasins
  26 orc warriors
  A sky beast (D:8)
  2 black bears (Lair:5)
  9 ogres
  5 boggarts (Lair:5)
  2 centaurs
  25 wolves
  A phantom (D:4)
  3 kobold brigands
  8 bullfrogs
  A gnoll sergeant (D:8)
  A scorpion (D:5)
  5 wights (D:6)
  4 killer bees (D:10)
  4 howler monkeys
  3 hounds
  2 jellies
  28 orc priests
  3 iguanas
  A sleepcap (D:5)
  13 orc wizards
  Robin (D:4)
  11 gnolls
  8 adders
  A white imp (D:5)
  An ufetubus (D:5)
  3 worms (D:2)
  4 dart slugs
  64 orcs
  9 ball pythons
  4 endoplasms
  11 giant cockroaches
  14 goblins
  4 hobgoblins
  4 jackals
  5 quokkas
  3 bats (D:2)
  2 frilled lizards
  22 kobolds
  A rat (D:2)
565 creatures vanquished.

Vanquished Creatures (others)
  A kobold (D:4)
  17 fungi
  95 plants
113 creatures vanquished.

Grand Total: 678 creatures vanquished

Notes
Turn   | Place    | Note
-------+----------+-------------------------------------------
     0 | D:1      | miket3c the Minotaur Fighter began the quest for the Orb.
     0 | D:1      | Reached XP level 1. HP: 19/19 MP: 0/0
    11 | D:1      | Noticed a spriggan
    13 | D:1      | Noticed a vine stalker
    15 | D:1      | Noticed a vampire
    17 | D:1      | Noticed a ghoul
    21 | D:1      | Noticed a barachi
   250 | D:1      | Found Xeojaot's Book Shoppe.
   350 | D:1      | Found Jomoirr's Weapon Shoppe.
   354 | D:1      | You fall into a shaft and drop 1 floor!
   376 | D:2      | Reached skill level 3 in Long Blades
   376 | D:2      | Reached XP level 2. HP: 23/27 MP: 1/1
   508 | D:1      | Found Lyb Vemu's Antique Armour Shoppe.
   536 | D:1      | Found Cailupne's Weapon Shop.
   782 | D:2      | Reached skill level 1 in Dodging
   944 | D:2      | Reached XP level 3. HP: 33/33 MP: 2/2
  1496 | D:3      | Reached XP level 4. HP: 40/40 MP: 3/3
  1652 | D:3      | Reached skill level 4 in Long Blades
  2041 | D:3      | Found a glowing drain.
  2479 | D:3      | Found a faded altar of an unknown god.
  2589 | D:3      | Reached XP level 5. HP: 28/47 MP: 4/4
  2863 | D:4      | Noticed an ogre
  2868 | D:4      | Killed an ogre
  2869 | D:4      | Reached skill level 5 in Long Blades
  2961 | D:4      | Found a white marble altar of Elyvilon.
  3016 | D:4      | Reached XP level 6. HP: 44/55 MP: 5/5
  3061 | D:4      | Reached skill level 5 in Fighting
  3061 | D:4      | Reached skill level 5 in Armour
  3224 | D:4      | Found a staircase to the Ecumenical Temple.
  3252 | Temple   | Entered the Ecumenical Temple
  3429 | Temple   | Became a worshipper of Trog the Wrathful
  3460 | D:4      | Noticed Robin
  3499 | D:4      | Killed Robin
  3792 | D:4      | Found a runed translucent door.
  3792 | D:4      | Noticed Akorn's ghost (amateur DjDe)
  3820 | D:4      | Reached skill level 6 in Long Blades
  3842 | D:4      | Reached * piety under Trog
  3843 | D:4      | Reached XP level 7. HP: 46/61 MP: 6/6
  4462 | D:5      | Entered Level 5 of the Dungeon
  4516 | D:5      | Noticed Eustachio
  4590 | D:5      | Killed Eustachio
  4885 | D:5      | Reached skill level 7 in Long Blades
  5606 | D:5      | Reached XP level 8. HP: 67/70 MP: 7/7
  6013 | D:6      | Reached skill level 8 in Long Blades
  6593 | D:6      | Reached ** piety under Trog
  6667 | D:6      | Found Zooxups's Weapon Emporium.
  6947 | D:6      | Found a faded altar of an unknown god.
  6962 | D:6      | Reached skill level 5 in Dodging
  7191 | D:7      | Reached skill level 9 in Long Blades
  7238 | D:7      | Reached XP level 9. HP: 79/79 MP: 8/8
  7427 | D:7      | Found a hazy altar of Hepliaklqana.
  7619 | D:7      | Found Kazol's Weapon Shop.
  7943 | D:7      | Found a large runed translucent door.
  7943 | D:7      | Found a large runed translucent door.
  7944 | D:7      | Found a corrupted altar of Lugonu.
  7947 | D:7      | Identified the +11 rapier of the Protecting Coward
                  | {distort, +Blink rF- rC++ Str+3}
  8094 | D:7      | Found a one-way gate to the infinite horrors of the Abyss.
  8187 | D:8      | Noticed a two-headed ogre
  8195 | D:8      | Killed a two-headed ogre
  8196 | D:8      | Reached skill level 10 in Long Blades
  8270 | D:8      | Noticed an elephant
  8272 | D:8      | Noticed a two-headed ogre
  8273 | D:8      | Noticed Joseph
  8287 | D:8      | Killed an elephant
  8295 | D:8      | Killed a two-headed ogre
  8296 | D:8      | Reached skill level 11 in Long Blades
  8296 | D:8      | Reached XP level 10. HP: 90/90 MP: 9/9
  8301 | D:8      | Killed Joseph
  8389 | D:8      | Noticed an elephant
  8401 | D:8      | Killed an elephant
  8418 | D:8      | Noticed an elephant
  8435 | D:8      | Killed an elephant
  8745 | D:8      | Found a shadowy altar of Dithmenos.
  8756 | D:8      | Found a transporter.
  8761 | D:8      | Reached skill level 12 in Long Blades
  8762 | D:8      | Found a transporter.
  8937 | D:8      | Noticed an oklob plant
  8982 | D:8      | Noticed bearlyready's ghost (novice AtBe)
  8996 | D:8      | Reached *** piety under Trog
  9208 | D:8      | Noticed an elephant
  9234 | D:8      | Killed an elephant
  9371 | D:8      | Noticed a satyr
  9546 | D:8      | Found a burning altar of Makhleb.
  9698 | D:8      | Noticed an orb spider
  9817 | D:9      | Found a runed translucent gate.
  9817 | D:9      | Found a runed translucent gate.
  9817 | D:9      | Found a runed translucent gate.
  9820 | D:9      | Found a viscous altar of Jiyva.
  9820 | D:9      | Noticed patfeehan111222's ghost (novice MiBe)
 10259 | D:9      | Found a staircase to the Lair.
 10430 | D:9      | Found a sparkling altar of Nemelex Xobeh.
 10623 | D:9      | Noticed a two-headed ogre
 10637 | D:9      | Killed a two-headed ogre
 11125 | D:10     | Entered Level 10 of the Dungeon
 11202 | D:10     | Noticed a two-headed ogre
 11220 | D:10     | Killed a two-headed ogre
 11221 | D:10     | Reached skill level 13 in Long Blades
 11221 | D:10     | Reached XP level 11. HP: 48/99 MP: 10/10
 11505 | D:10     | Reached skill level 10 in Armour
 11693 | D:10     | Reached skill level 10 in Fighting
 11855 | D:10     | Noticed a two-headed ogre
 11871 | D:10     | Killed a two-headed ogre
 12580 | D:10     | Found a radiant altar of Vehumet.
 12686 | D:10     | Found a glowing silver altar of Zin.
 12686 | D:10     | Found an opulent altar of Gozag.
 12686 | D:10     | Found an iron altar of Okawaru.
 12686 | D:10     | Found a blossoming altar of Fedhas.
 12692 | D:10     | Found a hide-covered altar of Uskayaw.
 12692 | D:10     | Found a sacrificial altar of Ru.
 12715 | D:10     | Found a staircase to the Orcish Mines.
 12729 | D:10     | Found a glowing golden altar of the Shining One.
 12736 | D:10     | Found an ancient bone altar of Kikubaaqudgha.
 13366 | D:10     | Noticed a deep troll
 13383 | D:10     | Killed a deep troll
 13493 | D:11     | Found Gippocol's Antique Weapon Shoppe.
 13507 | D:11     | Bought a smouldering long sword for 314 gold pieces
 13507 | D:11     | Identified the +1 long sword of Forgiveness {pain, rPois
                  | Dex+4 Stlth+} (You bought it in a shop on level 11 of the
                  | Dungeon)
 13543 | D:11     | Reached skill level 14 in Long Blades
 13699 | D:11     | Noticed a boulder beetle
 13906 | D:11     | Killed a boulder beetle
 14167 | D:11     | Noticed Snorg
 14187 | D:11     | Killed Snorg
 14818 | D:12     | Noticed Kirke
 15031 | Lair:1   | Entered Level 1 of the Lair of Beasts
 15031 | Lair:1   | You fall into a shaft and drop 1 floor!
 15031 | Lair:2   | Noticed a six-headed hydra
 15047 | Lair:2   | Killed a six-headed hydra
 15047 | Lair:2   | Reached **** piety under Trog
 15048 | Lair:2   | Reached XP level 12. HP: 28/110 MP: 11/11
 15289 | Lair:2   | Identified the +1 falchion "Terretwo" {drain, MP+9}
 15454 | Lair:1   | Reached skill level 15 in Long Blades
 15786 | Lair:1   | Found a transporter.
 15807 | Lair:1   | Found a transporter.
 16024 | Lair:1   | Found a shimmering altar of Xom.
 16277 | Lair:1   | Reached skill level 10 in Dodging
 16494 | Lair:2   | Found a staircase to the Shoals.
 17858 | Lair:3   | Reached skill level 16 in Long Blades
 17970 | Lair:3   | Found a hole to the Spider Nest.
 19454 | Lair:4   | Reached XP level 13. HP: 72/119 MP: 12/12
 20289 | Lair:5   | Entered Level 5 of the Lair of Beasts
 20416 | Lair:5   | Reached ***** piety under Trog
 20527 | Lair:5   | Found a staircase to the Slime Pits.
 20553 | Lair:5   | Reached skill level 17 in Long Blades
 21877 | Lair:5   | Reached skill level 18 in Long Blades
 22327 | Lair:5   | Received a gift from Trog
 22869 | Orc:1    | Entered Level 1 of the Orcish Mines
 23371 | Orc:1    | Noticed Maurice
 23380 | Orc:1    | Killed Maurice
 23776 | D:11     | Bought a dazzling great sword for 425 gold pieces
 23776 | D:11     | Identified the +5 great sword of Liphaythri {protect, rF+
                  | SInv} (You bought it in a shop on level 11 of the Dungeon)
 23830 | Orc:2    | Entered Level 2 of the Orcish Mines
 24177 | Orc:2    | Found a staircase to the Elven Halls.
 24211 | Orc:2    | Reached XP level 14. HP: 122/130 MP: 13/13
 24257 | Orc:2    | Found a runed translucent gate.
 24258 | Orc:2    | Noticed elongatedgoose's ghost (journeyman MiFi)
 24258 | Orc:2    | Found a runed translucent gate.
 24258 | Orc:2    | Identified the +0 plate armour of the Great Game {rC+}
 24259 | Orc:2    | Found a runed translucent gate.
 25305 | Orc:2    | Received a gift from Trog
 25662 | Orc:2    | Found Wauros's Weapon Emporium.
 25662 | Orc:2    | Found Biwnid's General Store.
 25663 | Orc:2    | Found Kubia's Book Emporium.
 25663 | Orc:2    | Found Muypt's Book Shoppe.
 25752 | Orc:2    | Identified the ring of Knowledge {rPois Int+6 Dex+6}
 25791 | Orc:2    | Killed elongatedgoose's ghost
 25792 | Orc:2    | Reached skill level 19 in Long Blades
 26838 | D:1      | Bought a pair of gloves for 90 gold pieces
 26987 | D:6      | Upgraded the game from 0.30-a0-948-g4fa250aae5 to
                  | 0.30-a0-949-g53dc5368d7
 27132 | Spider:1 | Entered Level 1 of the Spider Nest
 27159 | Spider:1 | Reached skill level 1 in Ranged Weapons
 27769 | Spider:1 | You fall into a shaft and drop 1 floor!
 27816 | Spider:2 | Noticed a ghost moth
 27817 | Spider:2 | HP: 6/133 [ghost moth (4)]
 28898 | Spider:1 | Noticed an emperor scorpion
 28916 | Spider:1 | Killed an emperor scorpion
 29219 | Spider:1 | Noticed Shard1697's ghost (journeyman DsFi)
 29221 | Spider:1 | Found a transporter.
 30080 | Spider:1 | Found a transporter.
 30100 | Spider:1 | Noticed Frances
 30109 | Spider:1 | Killed Frances
 30109 | Spider:1 | Identified the +8 great sword of Foul Odours {heavy, +Blink
                  | rPois Dex-5 SInv} (Trog gifted it to you on level 1 of the
                  | Spider Nest)
 30109 | Spider:1 | Received a gift from Trog
 30420 | Spider:1 | HP: 8/190 [pharaoh ant (30)]
 30421 | Spider:1 | Mangled by a redback

Illustrated notes

Levels and vault maps discovered:
D:1:      shiori_arrival_whats_in_store_for_you, layout_loops_cross,
          serial_shops, nicolae_diamond_shop, shop, nicolae_shop_behind_doors,
          shop
D:2:      minmay_chambers_of_twos, layout_loops_cross, minmay_misc_feat_x,
          minmay_misc_feat_tower, minmay_tree_intersection, minmay_tromino_v4_b
D:3:      layout_loops_corners, gup_sewer_entry_pipe,
          dreamdust_ecumenical_altar_sealed_demon, serial_co_window_serial,
          co_window_of_opportunity_a, co_window_paths_a, co_window_corner_a,
          co_window_of_opportunity_a, co_window_corner_a,
          co_window_of_opportunity_b, co_window_unsneaky_path_e,
          co_window_unsneaky_path_b, co_window_2corner, co_window_corner_b,
          co_window_4corner_a, glass_columns_a, glass_columns_a,
          glass_columns_a, glass_columns_b, glass_columns_b,
          chequers_serial_rivers_micro_a
D:4:      layout_basic, elyvilon_altar_4, minmay_temple_entry_grid,
          hellmonk_ghost_happy_afterlife, minmay_manual_macuahuitl, uniq_robin
D:5:      layout_basic, uniq_eustachio
D:6:      layout_cave_pools, serial_column_ruins, column_ruins_hut_water,
          column_ruins_temple_hut, column_ruins_grid_1,
          column_ruins_columns_corner, column_ruins_open_large,
          column_ruins_open_small, serial_shops, shop, chequers_mini_garden
D:7:      due_chaos_kobolds, layout_loops_ring,
          mainiacjoe_overflow_six_doors_small, serial_shops,
          kennysheep_little_box
D:8:      wad_woods_stonehenge, layout_gridville, lightli_temple_of_fire,
          nzn_ghost_randoct, uniq_joseph
D:9:      layout_layer_cave, mainiacjoe_overflow_24_doors, david_lair_shrubbed,
          gammafunk_ghost_ooze
D:10:     dreamdust_cave_troll, layout_grid_maze, minmay_overflow_temple_hex,
          minitemple, nicolae_vehumet_radiance, orc_0_dummy,
          minmay_variable_closet
D:11:     layout_rooms, serial_shops, nicolae_stop_n_shop_2, uniq_snorg
D:12:     layout_irregular_city, uniq_gastronok, uniq_sonja, uniq_kirke
Temple:   chequers_temple_sunken
Lair:1:   gammafunk_worm_tunnel, layout_chaotic_city, basic_altar,
          gauntlet_entry_generic, hangedman_lair_unloving_vines,
          infiniplex_staircase_pool
Lair:2:   layout_chaotic_city, minmay_shoals_entry_lonely_mermaid, minmay_holes,
          serial_bayou_shore_a
Lair:3:   layout_roguey, nicolae_spider_entry_orb_guardian, grunt_megastairs_2
Lair:4:   layout_cave_pods
Lair:5:   minmay_lair_end_enchanted_forest, layout_hall_layers, slime_entry_1
Spider:1: layout_chambers, gammafunk_ghost_berserking_beasts, uniq_frances
Spider:2: layout_spider_delve, nicolae_spider_twisty_arc_passages
Orc:1:    layout_caves, uniq_maurice
Orc:2:    st_orc_pillars, layout_caves, biasface_ghost_orc_armoury, basic_altar,
          minmay_orc_temple_a

Skill      XL: |  1  2  3  4  5  6  7  8  9 10 11 12 13 14 |
---------------+-------------------------------------------+-----
Long Blades    | 3 4 5 6 7 9 11 13 14 16 18 19 | 19.8
Dodging        | 1 2 3 4 5 6 8 9 10 12 13 | 13.1
Armour         | 4 5 6 7 8 9 11 12 13 14 | 14.7
Fighting       | 4 5 6 7 8 9 11 12 13 14 | 14.7
Ranged Weapons | 3 |  3.6
Shields        | |  3.6

Action                     |  1- 3 |  4- 6 |  7- 9 | 10-12 | 13-15 || total
---------------------------+-------+-------+-------+-------+-------++-------
  Melee: Long sword        |    66 |   198 |   254 |   530 |       ||  1048
         Headbutt          |    11 |    27 |    49 |   201 |   186 ||   474
         Morningstar       |       |       |       |    11 |       ||    11
         Great sword       |       |       |       |   231 |   754 ||   985
   Fire: Arbalest          |       |       |       |       |    72 ||    72
  Throw: Dart              |       |       |       |    28 |       ||    28
 Invoke: Berserk           |       |       |     3 |     3 |     3 ||     9
         Trog's Hand       |       |       |       |       |     1 ||     1
  Evoke: Wand              |       |       |       |     1 |       ||     1
    Use: Scroll            |       |       |    15 |    16 |     6 ||    37
         Potion            |       |       |       |     3 |     2 ||     5
   Stab: Distracted        |       |       |       |     1 |       ||     1
 Armour: Scale mail        |    23 |       |       |       |       ||    23
         Plate armour      |     1 |   154 |   153 |   648 |   342 ||  1298
         Steam dragon scal |       |       |       |       |    98 ||    98
  Dodge: Dodged            |    37 |    54 |    94 |   346 |   719 ||  1250
  Block: Buckler           |    13 |    46 |    53 |   133 |       ||   245

Table legend: (Time is in decaauts)
 A = Elapsed time spent in this place.
 B = Non-inter-level travel time spent in this place.
 C = Inter-level travel time spent in this place.
 D = Time resting spent in this place.
 E = Time spent auto-exploring this place.
 F = Levels seen in this place.
 G = Mean time per level.
                   A        B        C        D        E       F      G
               +--------+--------+--------+--------+--------+-----+--------+
         Total |  30465 |  28706 |   1759 |   5794 |  18451 |  22 | 1384.8 |
       Dungeon |  15843 |  14532 |   1311 |   2449 |   9713 |  12 | 1320.2 |
        Temple |    237 |    221 |     16 |      0 |    213 |   1 |  237.0 |
          Lair |   7759 |   7472 |    287 |   1537 |   4914 |   5 | 1551.8 |
   Spider Nest |   3351 |   3288 |     63 |    858 |   1971 |   2 | 1675.5 |
  Orcish Mines |   3274 |   3194 |     80 |    949 |   1639 |   2 | 1637.0 |
               +--------+--------+--------+--------+--------+-----+--------+

Top non-repeatable levels by time:
    D:10: 2580 daAuts
Spider:1: 2519 daAuts
  Lair:5: 2342 daAuts
   Orc:2: 2023 daAuts
     D:9: 1769 daAuts
     D:5: 1745 daAuts
     D:8: 1706 daAuts
  Lair:2: 1619 daAuts
     D:4: 1539 daAuts
  Lair:4: 1527 daAuts
     D:3: 1394 daAuts
    D:11: 1310 daAuts
  Lair:3: 1255 daAuts
   Orc:1: 1251 daAuts
     D:6: 1101 daAuts
